 Dungeon Crawl Stone Soup version 0.18.1-6-gd335043 (webtiles) character file.

933 Jerry the Cruncher (level 7, -1/84 HPs)
             Began as a Minotaur Gladiator on May 16, 2016.
             Was a Believer of Pakellas.
             Slain by Menkaure (5 damage)
             ... on level 5 of the Dungeon.
             The game lasted 00:13:36 (4135 turns).

Jerry the Cruncher (Minotaur Gladiator)             Turns: 4135, Time: 00:13:41

Health: -1/84      AC: 23    Str: 25    XL:     7   Next: 86%
Magic:  6/6        EV:  2    Int: 10    God:    Pakellas [**....]
Gold:   236        SH:  0    Dex: 11    Spells: 0 memorised, 6 levels left

rFire  . . .     SeeInvis +     a - +2 quarterstaff
rCold  . . .     Gourm    .     (armour currently unavailable)
rNeg   + + +     Faith    .     (shield currently unavailable)
rPois  +         Spirit   .     (helmet currently unavailable)
rElec  .         Dismiss  .     (cloak currently unavailable)
rCorr  .         Reflect  .     (gloves currently unavailable)
SustAt .         Harm     +     (boots currently unavailable)
MR     .....     NoTele   +     t - amulet of harm
Stlth  +.........               C - +4 ring of strength
                                (no ring)

@: brilliant, tree-form, not resistant to hostile enchantments, very unstealthy
A: (retaliatory headbutt), (horns 0), see invisible, (cold resistance 0)
a: Quick Charge, Renounce Religion


You were on level 5 of the Dungeon.
You worshipped Pakellas.
Pakellas was pleased with you.
You were not hungry.
You were a tree.
You visited 2 branches of the dungeon, and saw 6 of its levels.

You collected 236 gold pieces.

Inventory:

Hand Weapons
 a - a +2 quarterstaff (weapon)
Missiles
 d - 3 throwing nets (quivered)
Armour
 c - a +1 hat (melded)
 k - a +0 pair of gloves (melded)
 A - a +0 scale mail (melded)
Rods
 E - a +0 lightning rod (10/10)
   (You found it on level 5 of the Dungeon)
Jewellery
 b - a +2 ring of intelligence
 t - an amulet of harm (around neck)
 C - a +4 ring of strength (right branch)
 G - an uncursed ring of magical power
Wands
 y - a wand of confusion (38/48)
Scrolls
 i - a scroll of magic mapping
 j - a scroll of recharging
 l - 3 scrolls of teleportation
 n - 3 scrolls of remove curse
 s - a scroll of noise
 v - 4 scrolls of identify {unknown}
 B - a scroll of immolation {unknown}
Potions
 h - 3 potions of lignification
 m - a potion of degeneration {unknown}
 o - 2 potions of might {unknown}
 q - a potion of cure mutation {unknown}
 u - a potion of curing {unknown}
 w - a potion of resistance {unknown}
 x - a potion of haste {unknown}
 F - a potion of heal wounds {unknown}
Books
 p - a book of Air

   Spells                             Type                      Level
   a - Shock                          Conjuration/Air              1
   b - Swiftness                      Charms/Air                   2
   c - Repel Missiles                 Charms/Air                   2
   d - Static Discharge               Conjuration/Air              3
   e - Lightning Bolt                 Conjuration/Air              5
 r - a book of Changes

   Spells                             Type                      Level
   a - Beastly Appendage              Transmutation                1
   b - Sticks to Snakes               Transmutation                2
   c - Spider Form                    Transmutation/Poison         3
   d - Ice Form                       Ice/Transmutation            4
   e - Blade Hands                    Transmutation                5
Miscellaneous
 D - a box of beasts
Comestibles
 f - 3 bread rations
 z - a meat ration
 H - a slice of pizza


   Skills:
 - Level 2.4 Fighting
 + Level 8.4 Staves
 - Level 2.0 Throwing
 + Level 7.5 Armour
 - Level 3.2 Dodging


You had 6 spell levels left.
You didn't know any spells.

Dungeon Overview and Level Annotations

Branches:
Dungeon (5/15)             Temple (1/1) D:4

Altars:
Gozag
Makhleb
Okawaru
Pakellas
Sif Muna
Trog
Vehumet
Yredelemnul
The Shining One

Annotations:
D:5 Menkaure


Innate Abilities, Weirdness & Mutations

((You reflexively headbutt those who attack you in melee.))
((You have a pair of horns on your head.))
You have supernaturally acute eyesight.
((Your flesh is cold resistant.))


Message History

Drink which item? (? for menu, Esc to quit)
Okay, then.
Menkaure is nearby!
Menkaure gestures wildly while chanting.
Menkaure seems to speed up.
Drink which item? (? for menu, Esc to quit)
It was a potion of brilliance.
You feel clever all of a sudden.
Drink which item? (? for menu, Esc to quit)
It was a potion of mutation.
You feel extremely strange.
You feel resistant to cold.
Your vision sharpens.
Menkaure closely misses you.
Drink which item? (? for menu, Esc to quit)
It was a potion of lignification.
You turn into a tree.
Your +1 hat melds into your body.
Your +0 pair of gloves melds into your body.
Your +0 scale mail melds into your body.
Your roots penetrate the ground.
Menkaure hits you.
You die...
Pakellas says: That's one more possible approach eliminated.

.....^#
####### #
#### ...#
##.#
##.######
########
........#
#..♣M..# #
##.####.#
#.####.# ...
#.# #.# #.#
##.####.....
#.# #.# #.#
#........M..
##.####.###
#.#
#..####.....
...##.....#
#.###..# ..#
#####.###.#
#.##...## #
#.# #.#
#.......#
#.###.#
###.....#


You could see Menkaure.

Vanquished Creatures
  Grinder (D:5)
  Sigmund (D:4)
  The ghost of shizyaka the Cudgeler, an amateur MiGl of Elyvilon (D:4)
  An ogre (D:4)
  A centaur (D:5)
  A crimson imp (D:5)
  A hound (D:4)
  Terence (D:2)
  3 worker ants
  Ijyb (D:3)
  A howler monkey skeleton (D:4)
  A worker ant zombie (D:5)
  4 gnolls (D:4)
  3 adders
  A worm (D:3)
  4 dart slugs
  2 giant geckos
  3 orcs
  4 giant cockroaches
  5 hobgoblins
  4 jackals (D:4)
  6 kobolds
  3 quokkas
  5 bats
  2 giant newts
  2 gnoll zombies (D:2)
  A jackal skeleton (D:4)
  7 rats
70 creatures vanquished.

Notes
Turn   | Place    | Note
--------------------------------------------------------------
     0 | D:1      | Jerry the Minotaur Gladiator began the quest for the Orb.
     0 | D:1      | Reached XP level 1. HP: 18/18 MP: 0/0
    61 | D:1      | Reached skill level 1 in Armour
   314 | D:1      | Reached skill level 4 in Staves
   316 | D:1      | Reached XP level 2. HP: 25/25 MP: 1/1
  1012 | D:2      | Found an oddly glowing altar of Pakellas.
  1016 | D:2      | Became a worshipper of Pakellas the Inventive
  1093 | D:2      | Found a basalt altar of Yredelemnul.
  1148 | D:2      | Noticed Terence
  1153 | D:2      | Killed Terence
  1153 | D:2      | Reached XP level 3. HP: 24/30 MP: 2/2
  1340 | D:3      | Reached * piety under Pakellas
  1340 | D:3      | Received a gift from Pakellas
  1340 | D:3      | Reached XP level 4. HP: 36/37 MP: 3/3
  1417 | D:3      | Noticed Ijyb
  1427 | D:3      | Killed Ijyb
  1427 | D:3      | Reached skill level 5 in Staves
  1950 | D:4      | Reached XP level 5. HP: 27/42 MP: 4/4
  2074 | D:4      | Found a staircase to the Ecumenical Temple.
  2169 | D:4      | Noticed Sigmund
  2200 | D:4      | Killed Sigmund
  2200 | D:4      | Reached skill level 6 in Staves
  2200 | D:4      | Reached skill level 5 in Armour
  2200 | D:4      | Reached XP level 6. HP: 30/50 MP: 5/5
  2417 | D:4      | Found a burning altar of Makhleb.
  2455 | D:4      | Noticed shizyaka's ghost (amateur MiGl)
  2468 | D:4      | Reached skill level 7 in Staves
  2486 | D:4      | Killed shizyaka's ghost
  2486 | D:4      | Reached XP level 7. HP: 29/56 MP: 6/6
  3173 | D:4      | Reached ** piety under Pakellas
  3173 | D:4      | Received a gift from Pakellas
  3455 | Temple   | Entered the Ecumenical Temple
  3554 | D:5      | Entered Level 5 of the Dungeon
  3693 | D:5      | Noticed Grinder
  3725 | D:5      | Killed Grinder
  3725 | D:5      | Reached skill level 8 in Staves
  4114 | D:5      | Noticed Menkaure
  4130 | D:5      | HP: 2/56 [Menkaure (22)]
  4134 | D:5      | Gained mutation: Your flesh is cold resistant. [potion of mutation]
  4134 | D:5      | Gained mutation: You have supernaturally acute eyesight. [potion of mutation]
  4135 | D:5      | Slain by Menkaure

Skill      XL: |  1  2  3  4  5  6  7 |
---------------+----------------------+-----
Armour         | 1 2 3 4 5 6 7 |  7.5
Staves         | 4 5 6 7 8 |  8.4
Fighting       | |  2.4
Throwing       | |  2.0
Dodging        | |  3.2

Action                   |  1- 3 |  4- 6 |  7- 9 || total
-------------------------+-------+-------+-------++-------
Melee: Quarterstaff      |    49 |    76 |    39 ||   164
       Headbutt          |     8 |    15 |     6 ||    29
Evoke: Wand              |       |     1 |       ||     1
  Use: Scroll            |       |    10 |       ||    10
       Potion            |       |       |     3 ||     3
 Stab: Confused          |       |     1 |       ||     1
  Eat: Chunk             |     1 |     4 |     5 ||    10
Armor: Leather armour    |    10 |       |       ||    10
       Ring mail         |     4 |     4 |       ||     8
       Scale mail        |       |    22 |    13 ||    35
Dodge: Dodged            |    30 |    45 |    20 ||    95
